 Dungeon Crawl Stone Soup version 0.29.1-2-gbd0b4ee654 (webtiles) character file.

Game seed: 14729159265218300892

85 jamesblauser the Covered (level 4, 0/44 HPs)
             Began as a Minotaur Fighter on Nov 8, 2022.
             Was a Follower of Kikubaaqudgha.
             Slain by a goblin
             ... wielding a +2 dagger of speed
             ... led by Robin
              (4 damage)
             ... on level 2 of the Dungeon.
             The game lasted 00:06:03 (771 turns).

jamesblauser the Covered (Minotaur Fighter)          Turns: 771, Time: 00:06:03

Health: 0/44       AC:  7    Str: 19 (22) XL:     4   Next: 25%
Magic:  2/3        EV: 10    Int:  2 (5)  God:    Kikubaaqudgha [*.....]
Gold:   67         SH:  4    Dex:  8 (10) Spells: 2/3 levels left

rFire   . . .      SeeInvis .   a - +1 war axe
rCold   + . .      Faith    .   c - +0 buckler
rNeg    . . .      Spirit   .   b - +0 scale mail
rPois   .          Reflect  .   (helmet restricted)
rElec   .          Harm     .   (no cloak)
rCorr   .          Rampage  .   (no gloves)
Will    .....                   (no boots)
Stlth   +.........              (no amulet)
HPRegen 0.14/turn               e - ring of protection from cold
MPRegen 0.08/turn               (no ring)

@: no status effects
A: horns 2, retaliatory headbutt
a: Renounce Religion, Unearth Wretches


You were on level 2 of the Dungeon.
You worshipped Kikubaaqudgha.
Kikubaaqudgha was aware of your devotion.
You visited 1 branch of the dungeon, and saw 2 of its levels.

You collected 67 gold pieces.

Inventory:

Hand Weapons
 a - a +1 war axe (weapon)
Armour
 b - a +0 scale mail (worn)
 c - a +0 buckler (worn)
Jewellery
 e - a ring of protection from cold (left hand)
Scrolls
 g - a scroll of blinking {unknown}
Potions
 d - a potion of might
 f - a potion of flight


   Skills:
 + Level 6.0 Fighting
 + Level 5.2 Axes
 + Level 6.1 Armour
 + Level 3.6 Dodging
 + Level 3.2 Stealth
 + Level 5.8 Shields


You had 2 spell levels left.
You knew the following spells:

 Your Spells              Type           Power      Damage    Failure   Level
a - Necrotise             Necr           0%         1d4       93%         1

Your spell library contained the following spells:

 Spells                   Type           Power      Damage    Failure   Level
 Scorch                   Fire           0%         2d5       98%         2
 Sublimation of Blood     Necr           0%         N/A       98%         2
 Conjure Flame            Conj/Fire      0%         6-21      100%        3
 Ignite Poison            Fire/Tmut/Pois 0%         N/A       100%        3
 Anguish                  Hex/Necr       0%         N/A       100%        4
 Animate Dead             Necr           0%         N/A       100%        4
 Petrify                  Tmut/Erth      0%         N/A       100%        4
 Irradiate                Conj/Tmut      0%         3d11      100%        5


Dungeon Overview and Level Annotations

Branches:
Dungeon (2/15)

Altars:
Kikubaaqudgha

Annotations:
D:2 Robin, Sigmund


Innate Abilities, Weirdness & Mutations

You have a pair of horns on your head.
You reflexively headbutt those who attack you in melee.


Message History

The adder closely misses you.
Your magical contamination has completely faded away.
The adder attacks as you move away! The adder closely misses you.
You furiously retaliate!
You headbutt the adder! The adder bites you but does no damage.
You see here 7 stones.
The adder bites you but does no damage. The adder attacks as you move away!
The adder barely misses you. The adder attacks as you move away!
You block the adder's attack.
A hobgoblin comes into view.
The hobgoblin shouts!
You hear a shout! x4
A hobgoblin comes into view.
A goblin and an adder come into view.
Found 2 potions of degeneration and a sling.
Found a stone staircase leading up.
The goblin shouts!
The adder hisses angrily.
You hear a shout!
A goblin comes into view. It is wielding a +0 dagger of freezing.
The adder bites you but does no damage.
You see here 8 stones.
Robin, a goblin and a hobgoblin come into view.
Robin shouts!
The hobgoblin shouts!
The goblin shouts!
You hear a shout!
Robin roars a battlecry!
The goblins go into a battle-frenzy!
A goblin comes into view. It is wielding a +2 dagger of speed.
You hear a shout!
The adder misses you. You furiously retaliate!
You headbutt the adder!
You kill the adder!
Kikubaaqudgha accepts your kill.
The goblin drinks a potion.
The goblin suddenly seems more resistant.
The hobgoblin attacks as you move away! The hobgoblin closely misses you.
Robin throws the goblin at you! The goblin barely misses you.
A goblin comes into view. It is wielding a +0 dagger. x2
The goblin shouts!
The goblin closely misses you.
You see here a +0 sling.
The goblin attacks as you move away! The goblin closely misses you.
The goblin hits you with a +2 dagger of speed.
You die...
Kikubaaqudgha rasps: "You have failed me!
Welcome... death!"

.. .# .. .# ##### .#
.#####....# # ##
.######.##.@..# # . .
.........g)#g##.#g #.#.
#.###.####gg...ggg
#.#.##.###.####S#gg..#.
#........(....(........
##.#.#.##.###$##......##
.. #............!.......
#.#.#.#.##.#.##......##
#...#........##......#


You could see an adder, 2 hobgoblins and 3 goblins.

Vanquished Creatures
  3 adders (D:2)
  A worm (D:2)
  A dart slug (D:1)
  2 endoplasms (D:1)
  A giant cockroach (D:1)
  3 goblins
  3 hobgoblins
  A quokka (D:2)
  A ball python (D:1)
  2 bats (D:1)
  5 kobolds (D:1)
  A rat (D:1)
24 creatures vanquished.

Notes
Turn   | Place    | Note
-------+----------+-------------------------------------------
     0 | D:1      | jamesblauser the Minotaur Fighter began the quest for the
                  | Orb.
     0 | D:1      | Reached XP level 1. HP: 19/19 MP: 0/0
    81 | D:1      | Got the Papyrus of Kindling
   152 | D:1      | Found a faded altar of an unknown god.
   294 | D:1      | Prayed at the altar of an unknown god.
   294 | D:1      | Became a worshipper of Kikubaaqudgha
   294 | D:1      | Reached * piety under Kikubaaqudgha
   294 | D:1      | Received a gift from Kikubaaqudgha
   430 | D:1      | Reached XP level 2. HP: 27/27 MP: 1/1
   523 | D:1      | Learned a level 1 spell: Necrotise
   715 | D:1      | Reached skill level 5 in Axes
   715 | D:1      | Reached skill level 5 in Armour
   715 | D:1      | Reached skill level 5 in Shields
   715 | D:1      | Reached XP level 3. HP: 37/37 MP: 2/2
   744 | D:2      | Noticed Sigmund
   749 | D:2      | Reached XP level 4. HP: 12/44 MP: 1/3
   758 | D:2      | HP: 2/44 [poisoned by an adder]
   767 | D:2      | Noticed Robin
   771 | D:2      | Slain by a goblin

Illustrated notes

Levels and vault maps discovered:
D:1:      spicycebolla_arrival_xxxplode, layout_rooms,
          shapermc_ecumenical_altar_ellora
D:2:      layout_basic, minmay_diced_spiral, uniq_sigmund,
          uniq_crazy_yiuf_cottage, uniq_robin

Skill      XL: |  1  2  3 |
---------------+----------+-----
Armour         | 5 6 |  6.1
Fighting       | 6 |  6.0
Axes           | 5 |  5.2
Dodging        | 3 |  3.6
Stealth        | 3 |  3.2
Shields        | 5 |  5.8

Action                   |  1- 3 |  4- 6 || total
-------------------------+-------+-------++-------
Melee: War axe           |    25 |     1 ||    26
       Headbutt          |     7 |       ||     7
 Cast: Necrotise         |     1 |       ||     1
  Use: Scroll            |     2 |       ||     2
       Potion            |     3 |       ||     3
Armor: Scale mail        |    25 |    10 ||    35
Dodge: Dodged            |    32 |    11 ||    43
Block: Buckler           |     9 |     4 ||    13
